 Dungeon Crawl Stone Soup version 0.31-a0-210-gccc998d (webtiles) character file.

Game seed: 5397007150240173825

4049 Dawnplanks the Spear-Bearer (level 10, -5/81 HPs)
             Began as a Green Draconian Transmuter on June 30, 2023.
             Was a Follower of Qazlal.
             Killed from afar by Erica (16 damage)
             ... with a lance of force
             ... on level 8 of the Dungeon.
             The game lasted 00:24:47 (6028 turns).

Dawnplanks the Spear-Bearer (DrTm)                  Turns: 6028, Time: 00:24:48

Health: -5/81      AC:  4    Str: 18    XL:     10   Next: 4%
Magic:  16/18      EV: 13    Int: 19    God:    Qazlal [*.....]
Gold:   375        SH:  2    Dex: 11    Spells: 14/20 levels left

rFire   . . .        h - +5 glaive "Undertaker" {freeze, rC+}
rCold   + . .        (shield currently unavailable)
rNeg    . . .        (body armour unavailable)
rPois   +            (helmet currently unavailable)
rElec   .            o - +0 cloak
rCorr   +            (no gloves)
SInv    .            b - melded +0 pair of boots
Will    .....        p - amulet of regeneration
Stlth   +            g - ring "Eschynoh" {rCorr Int+6}
HPRegen 1.13/turn    x - ring of flight
MPRegen 0.16/turn

%: no passive effects
@: appendages, wereblooded, corroded, flying, slowed, very slow
A: horns 2, talons 2, breathe noxious fumes, AC +7, unfitting armour, poison
resistance, cold-blooded
a: Breathe Noxious Fumes, End Transformation, Renounce Religion


You were on level 8 of the Dungeon.
You worshipped Qazlal.
Qazlal was aware of your devotion.
You had temporarily grown beastly horns and talons.
You visited 2 branches of the dungeon, and saw 9 of its levels.
You also visited: Sewer.

You collected 375 gold pieces.

Inventory:

Hand Weapons
 h - the +5 glaive "Undertaker" (weapon) {freeze, rC+}
   (You took it off an orc on level 2 of the Dungeon)

   rC:        It protects you from cold.
Missiles
 j - a throwing net
Armour
 b - a +0 pair of boots (melded)
 o - a +0 cloak (worn)
Jewellery
 g - the ring "Eschynoh" (left hand) {rCorr Int+6}
   (You found it on level 2 of the Dungeon)

   [ring of intelligence]

   Int:       It affects your intelligence (+6).
   rCorr:     It protects you from acid and corrosion.
 p - an amulet of regeneration (around neck)
 x - a ring of flight (right hand)
Wands
 k - a wand of light (10)
 v - a wand of charming (10)
 y - a wand of mindburst (14)
Scrolls
 e - a scroll of revelation {unknown}
 i - 2 scrolls of fear {unknown}
 m - 6 scrolls of identify {unknown}
 q - a scroll of amnesia {unknown}
 t - a scroll of silence {unknown}
 u - a scroll of enchant armour {unknown}
 w - 2 scrolls of teleportation {unknown}
 A - 2 scrolls of enchant weapon {unknown}
Potions
 a - a potion of lignification
 c - 5 potions of enlightenment {unknown}
 d - a potion of haste
 f - 2 potions of mutation {unknown}
 l - 2 potions of invisibility {unknown}
 n - 2 potions of berserk rage {unknown}
 r - 3 potions of attraction {unknown}
 s - a potion of might {unknown}
 z - 2 potions of heal wounds


   Skills:
 + Level 5.0 Fighting
 + Level 9.2 Polearms
 + Level 4.9 Dodging
 - Level 1.0 Stealth
 + Level 0.3 Shields
 + Level 3.7 Unarmed Combat
 + Level 5.9 Spellcasting
 + Level 6.1 Transmutations


You had 14 spell levels left.
You knew the following spells:

 Your Spells              Type           Power      Damage    Failure   Level
a - Beastly Appendage     Tmut           56%        N/A       1%          1
b - Wereblood             Tmut           28%        N/A       1%          2
c - Spider Form           Tmut/Pois      17%        N/A       10%         3

Your spell library contained the following spells:

 Spells                   Type           Power      Damage    Failure   Level
 Shock                    Conj/Air       20%        1d4       12%         1
 Ice Form                 Ice/Tmut       17%        N/A       32%         4
 Swiftness                Air            5%         N/A       34%         3
 Airstrike                Air            2%         2d(1-17)  75%         4
 Iskenderun's Battlesphe  Conj           5%         2d6       97%         5
 Leda's Unmaking          Conj/Erth      2%         9d1       100%        6
 Spellforged Servitor     Conj/Summ      2%         N/A       100%        7


Dungeon Overview and Level Annotations

Branches:
Dungeon (8/15)             Temple (1/1) D:5           Sewer (visited)
   Lair: D:8-11

Altars:
Cheibriados
Dithmenos
Elyvilon
Fedhas
Gozag
Hepliaklqana
Kikubaaqudgha
Makhleb
Nemelex Xobeh
Okawaru
Qazlal
Ru
Sif Muna
Trog
Uskayaw
Vehumet
Wu Jian
Xom
Yredelemnul
Zin
The Shining One

Shops:
D:1 (   D:3 =

Annotations:
D:8 Erica


Innate Abilities, Weirdness & Mutations

You have temporarily grown beastly horns and talons.
You can breathe blasts of noxious fumes.
Your lurid green scales are hard. (AC +7)
You cannot fit into any form of body armour.
Your system is resistant to poisons. (rPois)
You are cold-blooded and may be slowed by cold attacks.


Message History

The acid dragon is almost dead.
You block the acid dragon's attack. The acid dragon claws you.
An acid dragon comes into view.
The acid dragon barely misses you. The acid dragon misses you.
You hit the acid dragon but do no damage.
You claw the acid dragon, but do no damage.
The acid dragon is almost dead.
The acid dragon bites you. The acid dragon closely misses you.
Your magical contamination has completely faded away.
You closely miss the acid dragon. You claw the acid dragon.
You headbutt the acid dragon, but do no damage.
The acid dragon is almost dead.
The acid dragon closely misses you. The acid dragon claws you.
The acid dragon spits acid at you. The splash of acid hits you! You resist.
You slash the acid dragon! You freeze the acid dragon.
You feel a bit better.
You kill the acid dragon!
Qazlal accepts your kill.
You howl as the wereblood boils in your veins!
You have got your breath back.
The acid dragon spits acid at you. The splash of acid hits you! You resist.
Something hits you!
* * * LOW HITPOINT WARNING * * *
Something burns you.
* * * LOW HITPOINT WARNING * * *
Reach: h) +5 glaive "Undertaker" {freeze, rC+}
Press: ? - help, Dir - move target, f - orc
Aim: an orc, wielding a +0 falchion (heavily wounded, about 36% to evade the +5 glaive "Undertaker")
You reach to attack!
You hit the orc. You freeze the orc.
You kill the orc!
Qazlal accepts your kill.
You howl as the wereblood boils in your veins!
Something hits you.
* * * LOW HITPOINT WARNING * * *
Something burns you.
* * * LOW HITPOINT WARNING * * *
You hear some strange, mumbled words.
A lance of force appears from out of thin air!
The lance of force hits you!
You die...

#
###########..#..
.......Do.{.....
....###{#.......
. #@#.......
#.##......
#..##...## ##.#
#### #.# # #.#
.#. #.## ....
#..# ..... ##.#


You could see an acid dragon and an orc.

Vanquished Creatures
  The ghost of
  60083410 the Cleaver, a novice MiBe of Trog (D:5)
  Prince Ribbit (D:5)
  A wyvern (D:7)
  Edmund (D:5)
  An acid dragon (D:8)
  3 water moccasins
  Duvessa (D:4)
  An ice beast (D:7)
  2 orc warriors (D:7)
  A black bear (D:4)
  2 sky beasts
  An ogre (D:7)
  3 centaurs
  A phantom (D:7)
  6 bullfrogs
  4 scorpions
  Dowan (D:4)
  2 howler monkeys
  A crimson imp (D:4)
  6 orc priests
  A jelly (D:6)
  4 hounds
  2 sleepcaps (D:4)
  3 iguanas
  6 orc wizards
  Natasha (thrice) (D:3)
  7 gnolls
  16 adders
  2 shadow imps (D:7)
  3 white imps
  2 worms
  2 dart slugs
  26 orcs
  6 bats
  17 endoplasms
  14 giant cockroaches
  5 goblins
  8 hobgoblins
  4 jackals (D:1)
  10 quokkas
  18 ball pythons
  13 frilled lizards
  8 kobolds
  6 rats
226 creatures vanquished.

Notes
Turn   | Place    | Note
-------+----------+-------------------------------------------
     0 | D:1      | Dawnplanks the Draconian Transmuter began the quest for the
                  | Orb.
     0 | D:1      | Reached XP level 1. HP: 16/16 MP: 3/3
   108 | D:1      | Reached XP level 2. HP: 23/23 MP: 3/5
   406 | D:1      | Learned a level 2 spell: Wereblood
   629 | D:1      | Found Ruifuppu's Weapon Shop.
   899 | D:2      | Reached XP level 3. HP: 28/28 MP: 4/6
   941 | D:2      | Identified the ring "Eschynoh" {rCorr Int+6}
  1109 | D:2      | Identified the +5 glaive "Undertaker" {freeze, rC+}
  1635 | D:3      | Reached XP level 4. HP: 35/35 MP: 3/7
  1757 | D:3      | Reached skill level 1 in Polearms
  1766 | D:3      | Noticed Natasha
  1770 | D:3      | Killed Natasha
  1810 | D:3      | Found a glowing drain.
  1810 | D:3      | Noticed Natasha
  1814 | D:3      | Killed Natasha
  1815 | D:3      | Reached XP level 5. HP: 40/40 MP: 6/8
  1853 | Sewer    | Entered a sewer
  2041 | Sewer    | Reached skill level 2 in Polearms
  2045 | Sewer    | Reached skill level 1 in Stealth
  2350 | Sewer    | Reached XP level 6. HP: 34/48 MP: 6/10
  2357 | Sewer    | Reached skill level 3 in Polearms
  2541 | D:3      | Noticed Natasha
  2546 | D:3      | Killed Natasha
  2994 | D:3      | Found Ecraggal's Jewellery Emporium.
  3121 | D:4      | Your scales start taking on a lurid green colour.
  3121 | D:4      | Reached XP level 7. HP: 55/55 MP: 8/11
  3121 | D:4      | Gained mutation: Your system is resistant to poisons.
                  | (rPois) [Green Draconian growth]
  3422 | D:4      | Found a shimmering altar of Xom.
  3427 | D:4      | Noticed Dowan
  3427 | D:4      | Noticed Duvessa
  3437 | D:4      | Reached skill level 4 in Polearms
  3447 | D:4      | Killed Duvessa
  3456 | D:4      | Killed Dowan
  3539 | D:4      | Reached skill level 5 in Polearms
  3907 | D:4      | Learned a level 3 spell: Spider Form
  4008 | D:5      | Entered Level 5 of the Dungeon
  4008 | D:5      | Noticed Prince Ribbit
  4016 | D:5      | Reached XP level 8. HP: 43/62 MP: 10/13
  4022 | D:5      | Killed Prince Ribbit
  4167 | D:5      | Reached skill level 6 in Polearms
  4179 | D:5      | Noticed Edmund
  4205 | D:5      | Killed Edmund
  4264 | D:5      | Found a staircase to the Ecumenical Temple.
  4304 | Temple   | Entered the Ecumenical Temple
  4361 | Temple   | Became a worshipper of Qazlal Stormbringer
  4401 | D:5      | Reached skill level 5 in Transmutations
  4540 | D:5      | Found a runed translucent door.
  4542 | D:5      | Noticed 60083410's ghost (novice MiBe)
  4594 | D:5      | Killed 60083410's ghost
  4595 | D:5      | Reached skill level 7 in Polearms
  4741 | D:6      | Reached XP level 9. HP: 43/71 MP: 12/16
  4914 | D:6      | Reached skill level 5 in Spellcasting
  5214 | D:7      | Reached skill level 8 in Polearms
  5324 | D:7      | Reached * piety under Qazlal
  5448 | D:7      | Found an opulent altar of Gozag.
  5581 | D:7      | Reached skill level 9 in Polearms
  5794 | D:7      | Reached skill level 5 in Fighting
  5794 | D:7      | Reached XP level 10. HP: 81/81 MP: 16/18
  6009 | D:8      | Noticed Erica
  6028 | D:8      | Killed from afar by Erica

Illustrated notes

Levels and vault maps discovered:
D:1:      dpeg_arrival_orchard, layout_basic, serial_shops,
          nicolae_shop_pleasant_corner_grove
D:2:      layout_loops_ring
D:3:      layout_basic, serial_shops, nicolae_shop_pleasant_corner_grove,
          gup_sewer_entry_glass, grunt_ministairs_3, uniq_natasha
D:4:      layout_basic, lemuel_doored_altar, dreamdust_princess_corridor,
          minmay_fire_ice_demons, uniq_duvessa
D:5:      layout_gridville, minmay_temple_entry_large_hall,
          ebering_ghost_sewer_d, serial_bayou_lake_a, uniq_prince_ribbit1,
          uniq_edmund
D:6:      layout_cave_pools
D:7:      layout_basic, nicolae_gozag_cash_rules_everything_around_me,
          minmay_fractal_squares_5
D:8:      layout_rooms, cheibrodos_ashenzari_chains, erik_lair_island,
          serial_curves, eino_curves_03, eino_curves_04, serial_shops,
          nicolae_shop_tiny_real_fake_doors, nrook_mini_backslash,
          kennysheep_generic_room_15, uniq_erica
Temple:   hellmonk_temple_of_storms

Skill      XL: |  1  2  3  4  5  6  7  8  9 |
---------------+----------------------------+-----
Dodging        | 2 3 4 |  4.9
Polearms       | 1 2 3 5 7 9 |  9.2
Transmutations | 3 4 5 6 |  6.1
Stealth        | 1 |  1.0
Spellcasting   | 3 4 5 |  5.9
Fighting       | 2 3 5 |  5.0
Shields        | |  0.3
Unarmed Combat | |  3.7

Action                     |  1- 3 |  4- 6 |  7- 9 | 10-12 || total
---------------------------+-------+-------+-------+-------++-------
  Melee: Unarmed           |    81 |       |       |       ||    81
         Headbutt          |     8 |    15 |    16 |     2 ||    41
         Tailslap          |     8 |     4 |    22 |       ||    34
         Punch             |     1 |       |       |       ||     1
         Kick              |    11 |    17 |    38 |     4 ||    70
         Glaive            |    18 |   144 |   206 |    14 ||   382
   Cast: Beastly Appendage |    31 |    31 |    34 |     3 ||    99
         Wereblood         |     2 |    18 |    15 |     3 ||    38
Ability: Breathe Noxious F |       |       |    12 |     1 ||    13
   Stab: Sleeping          |     1 |     1 |     1 |       ||     3
         Distracted        |       |     1 |       |       ||     1
         Confused          |       |       |     4 |       ||     4
 Armour: Skin              |    19 |    52 |    71 |     3 ||   145
  Dodge: Dodged            |    69 |   112 |   116 |    12 ||   309
  Block: Other             |       |       |     3 |     1 ||     4

Table legend: (Time is in decaauts)
 A = Elapsed time spent in this place.
 B = Non-inter-level travel time spent in this place.
 C = Inter-level travel time spent in this place.
 D = Time resting spent in this place.
 E = Time spent auto-exploring this place.
 F = Levels seen in this place.
 G = Mean time per level.
                   A        B        C        D        E       F      G
               +--------+--------+--------+--------+--------+-----+--------+
         Total |   6313 |   6024 |    289 |      0 |   4651 |  10 |  631.3 |
       Dungeon |   5559 |   5314 |    245 |      0 |   4207 |   8 |  694.9 |
        Temple |     78 |     34 |     44 |      0 |     18 |   1 |   78.0 |
         Sewer |    675 |    675 |      0 |      0 |    425 |   1 |  675.0 |
               +--------+--------+--------+--------+--------+-----+--------+

Top non-repeatable levels by time:
     D:4: 948 daAuts
     D:1: 889 daAuts
     D:2: 854 daAuts
     D:3: 816 daAuts
     D:7: 799 daAuts
     D:5: 732 daAuts
   Sewer: 675 daAuts
     D:6: 464 daAuts
  Temple: 78 daAuts
     D:8: 53 daAuts
